 Dungeon Crawl Stone Soup version 0.29.1-12-g30fa7ad0bf (webtiles) character file.

Game seed: 195045705410118494

5068 bnorton916 the Thaumaturge (level 10, -1/50 HPs)
             Began as a Deep Elf Fire Elementalist on Dec 30, 2022.
             Was an Initiate of Gozag.
             Killed from afar by Maggie (21 damage)
             ... with a bolt of fire
             ... on level 8 of the Dungeon.
             The game lasted 00:22:28 (13944 turns).

bnorton916 the Thaumaturge (DEFE)                  Turns: 13944, Time: 00:22:28

Health: -1/50      AC: 10    Str:  9    XL:     10   Next: 31%
Magic:  29/33      EV: 12    Int: 35    God:    Gozag
Gold:   1073       SH:  0    Dex: 15    Spells: 5/26 levels left

rFire   . . .      SeeInvis .   r - +10 dagger of the Screaming Ancients {vorpal, rPois Int+4}
rCold   . . .      Faith    .   (no shield)
rNeg    . . .      Spirit   .   o - +5 robe "Lir Diepn" {Will+ Str+4}
rPois   +          Reflect  .   w - +1 helmet
rElec   .          Harm     .   (no cloak)
rCorr   .          Rampage  .   G - +0 pair of gloves
Will    ++...                   (no boots)
Stlth   ++........              (no amulet)
HPRegen 0.16/turn               s - ring of magical power
MPRegen 0.23/turn               L - +6 ring of intelligence

@: studying Polearms
A: no striking features
a: Renounce Religion, Potion Petition, Call Merchant, Bribe Branch


You were on level 8 of the Dungeon.
You worshipped Gozag.
Gozag was most pleased with you.
You visited 2 branches of the dungeon, and saw 9 of its levels.

You collected 1123 gold pieces.
You paid 50 gold pieces to Gozag.

Inventory:

Hand Weapons
 e - a +0 short sword of draining
 r - the +10 dagger of the Screaming Ancients (weapon) {vorpal, rPois Int+4}
   (You found it on level 3 of the Dungeon)

   It inflicts extra damage upon your enemies.
   Int:       It affects your intelligence (+4).
   rPois:     It protects you from poison.
Missiles
 H - 10 poisoned darts
Armour
 l - an orb of light
 o - the +5 robe "Lir Diepn" (worn) {Will+ Str+4}
   (You found it on level 3 of the Dungeon)

   Str:       It affects your strength (+4).
   Will:      It increases your willpower.
 q - a +1 leather armour of fire resistance
 w - a +1 helmet (worn)
 G - a +0 pair of gloves (worn)
Jewellery
 s - a ring of magical power (left hand)
 L - a +6 ring of intelligence (right hand)
Wands
 A - a wand of roots (13)
 D - a wand of polymorph (7)
 E - a wand of flame (20)
Scrolls
 a - a scroll of enchant weapon {unknown}
 f - 3 scrolls of immolation
 h - a scroll of magic mapping {unknown}
 i - a scroll of enchant armour
 n - a scroll of teleportation
 t - a scroll of fear {unknown}
 v - a scroll of acquirement {unknown}
 x - a scroll of vulnerability {unknown}
 y - a scroll of torment {unknown}
 z - a scroll of summoning {unknown}
 C - 2 scrolls of amnesia {unknown}
 I - a scroll of poison {unknown}
 K - a scroll of identify
 M - a scroll of brand weapon {unknown}
Potions
 b - 2 potions of magic
 c - 4 potions of curing
 d - 2 potions of invisibility
 g - 3 potions of attraction
 j - 3 potions of brilliance
 k - a potion of heal wounds
 m - a potion of resistance
 p - a potion of might
 u - 2 potions of haste
 B - a potion of ambrosia
 F - a potion of flight
 J - a potion of cancellation {unknown}


   Skills:
 + Level 5.1 Polearms
 - Level 2.4 Dodging
 - Level 2.4 Stealth
 - Level 8.8 Spellcasting
 - Level 6.9 Conjurations
 + Level 7.3 Transmutations
 - Level 7.6 Fire Magic
 - Level 2.0 Air Magic
 + Level 6.7 Poison Magic


You had 5 spell levels left.
You knew the following spells:

 Your Spells              Type           Power      Damage    Failure   Level
a - Foxfire               Conj/Fire      100%       2x1d9     1%          1
b - Scorch                Fire           100%       2d10      1%          2
c - Poisonous Vapours     Pois/Air       92%        N/A       1%          2
d - Ignite Poison         Fire/Tmut/Pois 60%        N/A       1%          3
e - Eringya's Noxious Bo  Tmut/Pois      30%        N/A       24%         6
f - Conjure Flame         Conj/Fire      61%        6-21      1%          3
g - Flame Wave            Conj/Fire      61%        2d14      1%          4

Your spell library contained the following spells:

 Spells                   Type           Power      Damage    Failure   Level
 Shock                    Conj/Air       100%       1d9       1%          1
 Sting                    Tmut/Pois      100%       1d8       1%          1
 Static Discharge         Conj/Air       46%        3-9/arc   1%          2
 Inner Flame              Hex/Fire       42%        N/A       1%          3
 Summon Small Mammal      Summ           60%        N/A       2%          1
 Swiftness                Air            29%        N/A       3%          3
 Petrify                  Tmut/Erth      41%        N/A       6%          4
 Call Canine Familiar     Summ           15%        N/A       9%          3
 Summon Guardian Golem    Hex/Summ       15%        N/A       9%          3
 Airstrike                Air            14%        2d(3-19)  12%         4
 Lightning Bolt           Conj/Air       23%        1d38      12%         5
 Maxwell's Capacitive Co  Air            14%        ∞         100%        8


Dungeon Overview and Level Annotations

Branches:
Dungeon (8/15)             Temple (1/1) D:7
   Lair: D:8-11

Altars:
Dithmenos
Elyvilon
Fedhas
Gozag
Hepliaklqana
Makhleb
Nemelex Xobeh
Okawaru
Qazlal
Ru
Trog
Vehumet
Yredelemnul
The Shining One

Shops:
D:2 *:(

Annotations:
D:4 2 transporters, croobank's ghost, amateur DsCj
D:8 Maggie


Message History

Casting: Foxfire (safe; 1% risk of failure)
Confirm with . or Enter, or press ? or * to list all spells.
You conjure some foxfire!
The foxfire hits Maggie.
Maggie is lightly wounded.
Maggie shouts!
The foxfire hits Maggie.
Maggie is lightly wounded.
The foxfire hits Maggie.
Maggie is moderately wounded.
The foxfire hits Maggie.
Maggie is moderately wounded.
Casting: Foxfire (safe; 1% risk of failure)
Confirm with . or Enter, or press ? or * to list all spells.
You conjure some foxfire!
The foxfire hits Maggie!
Maggie is heavily wounded.
The foxfire hits Maggie.
Maggie is heavily wounded.
Casting: Foxfire (safe; 1% risk of failure)
Confirm with . or Enter, or press ? or * to list all spells.
Flames lash Maggie.
Maggie is severely wounded.
Maggie's fire resistance burns away.
Maggie casts a spell at you. The bolt of fire hits you!
Maggie casts a spell.
Maggie attempts to bespell you!
You easily resist.
Casting: Scorch (safe; 1% risk of failure)
Confirm with . or Enter, or press ? or * to list all spells.
You conjure some foxfire!
Maggie gestures at you while chanting. The bolt of fire hits you!!
The foxfire hits Maggie!
Maggie is burned terribly!
Maggie is almost dead.
The foxfire hits Maggie!
Maggie is burned terribly!
Maggie is almost dead.
Maggie casts a spell at you. The bolt of fire hits you!!
You die...
Your body crumbles into a pile of gold.

### ##§#######
#.@.@.>...
##§#######
####.#########
##...))).......
#.....#########
$ #..#### #..#
#..# ###
#####..# ....
#.. ..##..# #.
#..#


You could see Maggie (combustible).

Vanquished Creatures
  A cyclops (D:6)
  Joseph (D:8)
  Grinder (D:5)
  Prince Ribbit (D:5)
  A shadow (D:6)
  A yak (D:6)
  Eustachio (D:5)
  2 wyverns
  A steam dragon (D:8)
  2 water moccasins (D:7)
  2 ice beasts
  4 sky beasts
  3 ogres
  3 bullfrogs
  2 kobold brigands
  5 scorpions
  5 wights (D:8)
  12 killer bees
  2 howler monkeys
  2 hounds
  2 jellies
  Terence (D:3)
  6 orc wizards
  3 iguanas
  6 adders
  A shadow imp (D:5)
  3 white imps
  An ufetubus (D:6)
  A worm (D:2)
  3 dart slugs
  25 orcs
  4 bats
  12 endoplasms
  3 giant cockroaches
  4 goblins
  10 hobgoblins
  8 jackals
  4 quokkas
  3 ball pythons
  3 frilled lizards
  18 kobolds
  4 rats
  A spectral goblin (D:5)
  A spectral kobold (D:3)
  A spectral orc (D:4)
180 creatures vanquished.

Vanquished Creatures (others)
  653 foxfires
653 creatures vanquished.

Grand Total: 833 creatures vanquished

Notes
Turn   | Place    | Note
-------+----------+-------------------------------------------
     0 | D:1      | bnorton916 the Deep Elf Fire Elementalist began the quest
                  | for the Orb.
     0 | D:1      | Reached XP level 1. HP: 10/10 MP: 6/6
    81 | D:1      | Got the Disquisition on Toxic Terra Firma
   256 | D:1      | Reached XP level 2. HP: 15/15 MP: 1/8
  1223 | D:2      | Reached XP level 3. HP: 15/19 MP: 6/10
  1582 | D:2      | Reached skill level 4 in Spellcasting
  1767 | D:2      | Reached XP level 4. HP: 20/24 MP: 8/12
  1956 | D:2      | Found Diadweg's Weapon Shop.
  1992 | D:2      | Found Weadyquk's Book Shoppe.
  2134 | D:2      | Found Guepued's General Store.
  2594 | D:3      | Identified the +5 robe "Lir Diepn" {Will+ Str+4}
  2655 | D:3      | Noticed Terence
  2663 | D:3      | Killed Terence
  2664 | D:3      | Reached XP level 5. HP: 26/28 MP: 10/14
  2667 | D:3      | Learned a level 2 spell: Scorch
  2670 | D:3      | Learned a level 2 spell: Poisonous Vapours
  2814 | D:3      | Found a faded altar of an unknown god.
  3145 | D:3      | Identified the +10 dagger of the Screaming Ancients
                  | {vorpal, rPois Int+4}
  3151 | D:3      | Noticed an ogre
  3164 | D:3      | Killed an ogre
  3165 | D:3      | Reached skill level 5 in Spellcasting
  3165 | D:3      | Reached skill level 1 in Air Magic
  3291 | D:4      | Noticed croobank's ghost (amateur DsCj)
  3296 | D:4      | Found a transporter.
  3299 | D:4      | Found a transporter.
  3472 | D:4      | Found an opulent altar of Gozag.
  3480 | D:4      | Became a worshipper of Gozag Ym Sagoz the Greedy
  3572 | D:4      | Reached XP level 6. HP: 32/32 MP: 16/16
  3596 | D:4      | Found an iron altar of Okawaru.
  3902 | D:4      | Reached skill level 5 in Fire Magic
  4102 | D:4      | Found a basalt altar of Yredelemnul.
  4239 | D:5      | Entered Level 5 of the Dungeon
  4263 | D:5      | Noticed Eustachio
  4440 | D:5      | Noticed an ice beast
  4452 | D:5      | Killed an ice beast
  4453 | D:5      | Reached skill level 6 in Spellcasting
  4453 | D:5      | Reached XP level 7. HP: 12/36 MP: 16/18
  4673 | D:5      | Learned a level 3 spell: Ignite Poison
  4680 | D:5      | Learned a level 6 spell: Eringya's Noxious Bog
  4729 | D:5      | Noticed Prince Ribbit
  4740 | D:5      | Killed Prince Ribbit
  4741 | D:5      | Reached skill level 1 in Transmutations
  4741 | D:5      | Reached skill level 1 in Poison Magic
  4893 | D:5      | Noticed Grinder
  5092 | D:6      | Reached skill level 5 in Conjurations
  5407 | D:6      | Noticed a cyclops
  5411 | D:6      | Noticed a shadow
  5432 | D:6      | Reached skill level 7 in Spellcasting
  5432 | D:6      | Reached XP level 8. HP: 30/41 MP: 20/20
  5590 | D:6      | Killed a cyclops
  6263 | D:6      | Found a stormy altar of Qazlal.
  6368 | D:6      | Found a sacrificial altar of Ru.
  6427 | D:6      | Found a sparkling altar of Nemelex Xobeh.
  6499 | D:6      | Reached skill level 8 in Spellcasting
  6697 | D:6      | Reached XP level 9. HP: 45/45 MP: 23/23
  7348 | D:5      | Killed Grinder
  7791 | D:5      | Killed Eustachio
  8068 | D:5      | Found a white marble altar of Elyvilon.
  8169 | D:5      | Found a hazy altar of Hepliaklqana.
  8348 | D:7      | Reached skill level 5 in Transmutations
  8626 | D:7      | Reached skill level 1 in Polearms
  9167 | D:7      | Noticed a boulder beetle
  9491 | D:6      | HP: 2/45 [yak (7)]
  9571 | D:6      | Reached skill level 5 in Poison Magic
  9786 | D:7      | Found a staircase to the Ecumenical Temple.
  9862 | D:7      | Found a bloodstained altar of Trog.
  9878 | Temple   | Entered the Ecumenical Temple
 10599 | D:8      | Found a burning altar of Makhleb.
 11443 | D:8      | Reached XP level 10. HP: 50/50 MP: 24/24
 11448 | D:8      | Learned a level 3 spell: Conjure Flame
 11453 | D:8      | Learned a level 4 spell: Flame Wave
 11805 | D:8      | Noticed Joseph
 12061 | D:8      | Killed Joseph
 13164 | D:8      | Reached skill level 5 in Polearms
 13933 | D:8      | Noticed Maggie
 13944 | D:8      | Killed from afar by Maggie

Illustrated notes

Levels and vault maps discovered:
D:1:      lightli_arrival_windingriver, layout_loops_ring
D:2:      layout_loops_ring, serial_shops, shop, nicolae_shop_crystal, shop,
          kennysheep_crisscross, kennysheep_generic_room_4
D:3:      layout_basic, dreamdust_ecumenical_altar_drowned_temple, uniq_terence
D:4:      layout_loops_cross, grunt_gozag_breadcrumbs, okawaru_trees_1,
          yredelemnul_forgotten_temple_becter, gammafunk_ghost_arena
D:5:      layout_loops_ring, nicolae_hepliaklqana_monster_ancestors,
          nicolae_overflow_crystal_walls, uniq_eustachio, uniq_grinder,
          uniq_prince_ribbit1
D:6:      layout_loops_ring, mainiacjoe_overflow_alcove_2,
          mainiacjoe_overflow_swirl, minmay_manual_maat
D:7:      layout_rooms, mainiacjoe_overflow_tiny_flanked,
          minmay_temple_entry_water_ring, kennysheep_opposing_triangles
D:8:      layout_loops_ring, lemuel_crystal_altar, uniq_joseph, uniq_maggie
Temple:   hellmonk_temple_rainy

Skill      XL: |  1  2  3  4  5  6  7  8  9 10 |
---------------+-------------------------------+-----
Conjurations   | 2 3 4 5 6 |  6.9
Spellcasting   | 4 5 6 7 8 |  8.8
Fire Magic     | 4 5 6 7 |  7.6
Air Magic      | 1 2 |  2.0
Transmutations | 2 4 6 7 |  7.3
Poison Magic   | 2 4 5 6 |  6.7
Polearms       | 4 5 |  5.1
Dodging        | |  2.4
Stealth        | |  2.4

Action                   |  1- 3 |  4- 6 |  7- 9 | 10-12 || total
-------------------------+-------+-------+-------+-------++-------
 Cast: Foxfire           |    85 |   122 |   132 |    49 ||   388
       Scorch            |       |     8 |    75 |    17 ||   100
       Poisonous Vapours |       |       |    16 |    12 ||    28
       Conjure Flame     |       |       |       |     4 ||     4
       Ignite Poison     |       |       |       |     2 ||     2
Evoke: Wand              |       |       |     3 |     3 ||     6
  Use: Scroll            |       |     5 |    12 |     1 ||    18
       Potion            |       |       |     1 |       ||     1
Armor: Robe              |     3 |     6 |   104 |    11 ||   124
Dodge: Dodged            |    18 |    17 |   137 |    22 ||   194
